 Dungeon Crawl Stone Soup version 0.29-a0-275-g389c0b56f3 (webtiles) character file.

Game seed: 13903951943094140723

1754 spaghetti the Fighter (level 9, 0/81 HPs)
             Began as an Ogre Chaos Knight on Mar 10, 2022.
             Was an Initiate of Gozag.
             Slain by Prince Ribbit (7 damage)
             ... on level 7 of the Dungeon.
             The game lasted 00:14:59 (10357 turns).

spaghetti the Fighter (Ogre Chaos Knight)          Turns: 10357, Time: 00:15:02

Health: 0/81       AC:  7    Str: 20    XL:     9   Next: 6%
Magic:  18/18      EV: 10    Int: 11    God:    Gozag
Gold:   1027       SH:  0    Dex: 10    Spells: 8/8 levels left

rFire   . . .      SeeInvis .     - Unarmed
rCold   . . .      Faith    .   (no shield)
rNeg    . . .      Spirit   .   a - +2 robe
rPois   .          Reflect  .   (helmet restricted)
rElec   .          Harm     .   A - +1 cloak
rCorr   .          Rampage  .   (gloves unavailable)
Will    .....                   (boots unavailable)
Stlth   +.........              (no amulet)
HPRegen 0.23/turn               m - ring of magical power
MPRegen 0.16/turn               (no ring)

@: no status effects
A: large, unfitting armour, tough skin 1, agile 1, dopey 1, frail 2, weak 1,
evolution 1
a: Renounce Religion, Potion Petition, Call Merchant, Bribe Branch


You were on level 7 of the Dungeon.
You worshipped Gozag.
Gozag was most pleased with you.
You visited 2 branches of the dungeon, and saw 8 of its levels.

You collected 2525 gold pieces.
You paid 1498 gold pieces to Gozag.


Innate Abilities, Weirdness & Mutations

You are too large for most types of armour.
You have tough skin. (AC +1)
You are agile. (Dex +2)
You are dopey. (Int -2)
You are very frail. (-20% HP)
You are weak. (Str -2)
You have hidden genetic potential.


   Skills:
 + Level 10.7 Fighting
 - Level 2.1 Dodging
 - Level 8.2 Unarmed Combat


You had 8 spell levels left.
You didn't know any spells.
Your spell library contained the following spells:

 Spells                   Type           Power      Damage    Failure   Level
 Summon Small Mammal      Summ           0%         N/A       34%         1
 Corpse Rot               Necr/Air       0%         N/A       47%         2
 Poisonous Vapours        Pois/Air       0%         N/A       47%         2
 Call Canine Familiar     Summ           0%         N/A       71%         3
 Ignite Poison            Fire/Tmut/Pois 0%         N/A       71%         3
 Mephitic Cloud           Conj/Pois/Air  0%         N/A       71%         3
 Summon Guardian Golem    Hex/Summ       0%         N/A       71%         3
 Freezing Cloud           Conj/Ice/Air   0%         6-21      100%        5

Inventory:

Hand Weapons
 d - a +0 whip {mace}
   (You took it off a kobold on level 1 of the Dungeon)
 h - a +0 club {mace}
   (You took it off a goblin on level 1 of the Dungeon)
 u - a +0 scimitar {long}
   (Xom gifted it to you on level 3 of the Dungeon)
Missiles
 c - 3 curare-tipped darts {=fthrowing}
 e - 221 stones (quivered) {throwing}
 l - 4 large rocks {=fthrowing}
 n - 9 silver javelins {throwing}
 p - 9 poisoned darts {throwing}
Armour
 a - a +2 robe (worn)
 A - a +1 cloak (worn)
   (You found it on level 7 of the Dungeon)
Jewellery
 j - an amulet of faith {!P}
   (You found it on level 1 of the Dungeon)
 m - a ring of magical power (left hand)
   (You found it on level 5 of the Dungeon)
 r - a ring of fire
   (You found it on level 5 of the Dungeon)
Wands
 v - a wand of iceblast (9)
   (You found it on level 4 of the Dungeon)
Scrolls
 f - 2 scrolls of summoning
 k - 2 scrolls of identify {@r1}
 s - 3 scrolls of immolation {!r!r}
 w - 3 scrolls of magic mapping {!r}
 x - a scroll of silence {!r}
 y - 3 scrolls of teleportation {@r4}
 z - a scroll of fear
Potions
 g - 2 potions of degeneration {!q@e2}
 i - a potion of ambrosia
 o - a potion of magic
 q - a potion of curing {@q1}
 t - a potion of brilliance
Miscellaneous
 b - a piece from Xom's chessboard (15/15)

Dungeon Overview and Level Annotations

Branches:
Dungeon (7/15)             Temple (1/1) D:4

Altars:
Ashenzari
Cheibriados
Dithmenos
Elyvilon
Fedhas
Gozag
Hepliaklqana
Kikubaaqudgha
Makhleb
Nemelex Xobeh
Okawaru
Qazlal
Ru
Sif Muna
Trog
Uskayaw
Vehumet
Wu Jian
Xom
Yredelemnul
Zin
The Shining One

Shops:
D:2 *   D:5 [

Annotations:
D:7 2 transporters, Prince Ribbit; pigah's ghost, novice OpAE

.##. ......#.##..#
...#
#...##.##..#### ...
WY.#......... #W###
#####$###..#
###©####....$.....#
........$###$###.##
#...####.##### #.#
#............# #.#
....####.###.# #@#
##### #.# #F# #.#
#(# #.# #(# ... #.#
#.# #.# #.# #.# #.#
#(#


You could see Prince Ribbit (poisoned).


Message History

😨 HP[-7]
You take 7 damage, and now have 19/74 hp.
You punch the howler monkey! The howler monkey hits you.
* * * LOW HITPOINT WARNING * * *
Something hits you but does no damage. 😱 HP[-1]
You take 1 damage, and now have 18/74 hp.
You feel better.
The howler monkey hoots and howls with incredible vigour!
A sky beast appears from thin air!
Reactivating autopickup.
The sky beast hits you but does no damage.
The howler monkey completely misses you.
You hear a loud, deep croak! 😨 HP[+9]
You regained 9 hp, and now have 27/74 hp.
You closely miss the howler monkey. The sky beast barely misses you.
The howler monkey hits you.
* * * LOW HITPOINT WARNING * * *
😨 HP[-2]
You take 2 damage, and now have 25/74 hp.
You punch the howler monkey!
You kill the howler monkey!
The sky beast hits you but does no damage.
You have reached level 9!
Your experience leads to an increase in your attributes!
Your base attributes are Str 19, Int 13, Dex 8.
Increase (S)trength, (I)ntelligence, or (D)exterity?
You feel stronger. x3 😨 HP[+2] MP[+1]
You now have 80 max hp (+6).
You regained 2 hp, and now have 27/80 hp.
Your mp is fully restored (18).
You punch the sky beast!
The sky beast hits you but does no damage.
You hit the sky beast. You punch the sky beast. 😨 HP[+1]
You punch the sky beast!
You kill the sky beast!
You now have 81 max hp (+1).
You now have 1027 gold pieces (gained 6).
e - 221 stones {throwing} (gained 2) 😨 HP[+1]
You hear the brisk hiss of an avalanche of sand nearby.
You see here a +1 cloak.
A - a +1 cloak 😨 HP[+1]
You start putting on your armour.
You continue putting on your +1 cloak. x4
You finish putting on your +1 cloak. 😨 HP[+1] Prince Ribbit comes into view. 😨 HP[+3]
You regained 3 hp, and now have 34/81 hp.
Prince Ribbit hops awkwardly around.
Prince Ribbit blinks!
Prince Ribbit blinks!
You punch Prince Ribbit! Prince Ribbit hits you!
* * * LOW HITPOINT WARNING * * *
😨 HP[-7]
You take 7 damage, and now have 27/81 hp.
Throw: 5 darts (curare) {=fthrowing}
Press: ? - help, Shift-Dir - straight line, f - Prince Ribbit
Aim: Prince Ribbit (moderately wounded, 41% to hit)
You throw a curare-tipped dart {=fthrowing}.
The curare-tipped dart {=fthrowing} closely misses Prince Ribbit.
Prince Ribbit lets out a mournful croak.
Prince Ribbit blinks!
Throw: 4 darts (curare) {=fthrowing}
Press: ? - help, Shift-Dir - straight line, f/p - Prince Ribbit
Aim: Prince Ribbit (moderately wounded, 41% to hit)
You throw a curare-tipped dart {=fthrowing}.
The curare-tipped dart {=fthrowing} hits Prince Ribbit.
Prince Ribbit is poisoned.
Prince Ribbit convulses.
Prince Ribbit seems to slow down.
Throw: 6 large rocks {=fthrowing}
Press: ? - help, Shift-Dir - straight line, f/p - Prince Ribbit
Aim: Prince Ribbit (moderately wounded, very poisoned, slow, 41% to hit)
You throw a large rock {=fthrowing}.
The large rock {=fthrowing} hits Prince Ribbit.
Prince Ribbit completely misses you. 😨 HP[+1] Throw: 5 large rocks {=fthrowing}
Press: ? - help, Shift-Dir - straight line, f/p - Prince Ribbit
Aim: Prince Ribbit (severely wounded, very poisoned, slow, 41% to hit)
You throw a large rock {=fthrowing}.
The large rock {=fthrowing} closely misses Prince Ribbit.
Prince Ribbit hits you!
* * * LOW HITPOINT WARNING * * *
Prince Ribbit hits you!
* * * LOW HITPOINT WARNING * * *
😱 HP[-21]
You take 21 damage, and now have 7/81 hp.
MASSIVE DAMAGE!! (PAUSE)
Okay, then.
You closely miss Prince Ribbit. You barely miss Prince Ribbit.
Prince Ribbit is no longer moving slowly.
Prince Ribbit hits you!
You die...
Your body crumbles into a pile of gold.

Skill      XL: |  1  2  3  4  5  6  7  8 |
---------------+-------------------------+-----
Unarmed Combat | 3 4 5 6 7 8 |  8.2
Fighting       | 5 10 | 10.7
Dodging        | |  2.1

Action                   |  1- 3 |  4- 6 |  7- 9 || total
-------------------------+-------+-------+-------++-------
Melee: Unarmed           |    68 |   232 |   213 ||   513
       Punch             |     3 |     7 |    10 ||    20
Throw: Javelin           |    31 |       |       ||    31
       Stone             |     6 |    91 |    67 ||   164
       Dart              |     3 |       |     2 ||     5
       Large rock        |     2 |       |    11 ||    13
Invok: Potion Petition   |       |     1 |     3 ||     4
Evoke: Piece from Xom's  |     1 |       |       ||     1
       Wand              |       |       |     1 ||     1
  Use: Scroll            |     5 |     4 |     7 ||    16
       Potion            |     3 |    11 |     4 ||    18
 Stab: Petrified         |     3 |       |       ||     3
       Confused          |     1 |       |       ||     1
Armor: Robe              |    29 |    68 |    69 ||   166
       Skin              |     9 |       |    82 ||    91
Dodge: Dodged            |    45 |   109 |   105 ||   259

Levels and vault maps discovered:
D:1:      dpeg_arrival_boxes_within_box, layout_loops_ring,
          hellmonk_ecumenical_altar_arch_garden
D:2:      layout_basic, serial_shops, nicolae_square_shop
D:3:      layout_rooms
D:4:      minmay_chambers_of_fours, layout_layer_cave,
          minmay_temple_entry_enclosed_plants
D:5:      layout_loops_cross, serial_shops, nicolae_square_shop
D:6:      layout_layer_cave, mainiacjoe_overflow_surrounded_room,
          chequers_serial_rivers_micro_d, nicolae_figureground_sparkle
D:7:      layout_basic, gammafunk_ghost_berserking_beasts, enter_ossuary_3,
          uniq_prince_ribbit1
Temple:   nicolae_temple_the_god_donut

Notes
Turn   | Place    | Note
-------+----------+-------------------------------------------
     0 | D:1      | spaghetti the Ogre Chaos Knight began the quest for the
                  | Orb.
     0 | D:1      | Reached XP level 1. HP: 24/24 MP: 1/1
     0 | D:1      | magus.rc [v1.9.6]
    14 | D:1      | XOM: potion effect (curing)
   193 | D:1      | Reached skill level 3 in Unarmed Combat
   225 | D:1      | Reached XP level 2. HP: 32/32 MP: 2/2
   244 | D:1      | XOM: confusion (+ monsters)
   579 | D:1      | XOM: give mutations
   579 | D:1      | Gained mutation: Potions are less effective at restoring
                  | your health. [Xom's mischief]
   579 | D:1      | Gained mutation: Your body sometimes deteriorates upon
                  | taking damage. [Xom's mischief]
   592 | D:1      | Found a faded altar of an unknown god.
   657 | D:1      | XOM: give mutations
   657 | D:1      | Gained mutation: You have hidden genetic defects. [Xom's
                  | mischief]
   657 | D:1      | Gained mutation: You sometimes lose the ability to read
                  | scrolls when taking damage. [Xom's mischief]
   657 | D:1      | Gained mutation: You are covered in fur. (AC +1) [Xom's
                  | mischief]
   696 | D:1      | Lost mutation: You are covered in fur. (AC +1) [potion of
                  | mutation]
   696 | D:1      | Lost mutation: You sometimes lose the ability to read
                  | scrolls when taking damage. [potion of mutation]
   696 | D:1      | Lost mutation: Potions are less effective at restoring your
                  | health. [potion of mutation]
   696 | D:1      | Gained mutation: You tend to lose your temper in combat.
                  | [potion of mutation]
   696 | D:1      | Gained mutation: Your flesh is heat resistant. (rF+)
                  | [potion of mutation]
   891 | D:1      | Reached XP level 3. HP: 39/39 MP: 3/3
  1053 | D:2      | Gained mutation: You are occasionally teleported next to
                  | monsters. [hidden defects]
  1074 | D:2      | Found Fushynumua's Assorted Antiques.
  1116 | D:2      | Reached skill level 4 in Unarmed Combat
  1118 | D:2      | Gained mutation: You are frail. (-10% HP) [hidden defects]
  1118 | D:2      | Lost mutation: You have hidden genetic defects. [hidden
                  | defects expressed]
  1508 | D:2      | XOM: give mutations
  1508 | D:2      | Gained mutation: You are clumsy. (Dex -2) [Xom's mischief]
  1508 | D:2      | Lost mutation: You tend to lose your temper in combat.
                  | [Xom's mischief]
  1508 | D:2      | Gained mutation: You are dopey. (Int -2) [Xom's mischief]
  1962 | D:2      | XOM: draining
  2008 | D:3      | Reached XP level 4. HP: 21/39 MP: 4/4
  2445 | D:3      | XOM: 4-stop teleportation journey
  2536 | D:3      | XOM: noise
  2601 | D:3      | Lost mutation: Your flesh is heat resistant. (rF+) [potion
                  | of mutation]
  2601 | D:3      | Lost mutation: You are occasionally teleported next to
                  | monsters. [potion of mutation]
  2601 | D:3      | Gained mutation: Your body often deteriorates upon taking
                  | damage. [potion of mutation]
  2601 | D:3      | Lost mutation: You are frail. (-10% HP) [potion of
                  | mutation]
  2601 | D:3      | Lost mutation: You are dopey. (Int -2) [potion of mutation]
  2602 | D:3      | Lost mutation: Your body often deteriorates upon taking
                  | damage. [potion of mutation]
  2602 | D:3      | Lost mutation: Your body sometimes deteriorates upon taking
                  | damage. [potion of mutation]
  2602 | D:3      | Gained mutation: You occasionally shout uncontrollably at
                  | your foes. [potion of mutation]
  2602 | D:3      | Gained mutation: You possess an exceptional clarity of
                  | mind. [potion of mutation]
  2749 | D:3      | XOM: give mutation
  2749 | D:3      | Gained mutation: You are weak. (Str -2) [Xom's mischief]
  2841 | D:3      | XOM: god gift: scimitar {god gift}
  3002 | D:4      | XOM: cleaving
  3023 | D:4      | XOM: noise
  3085 | D:4      | Reached skill level 5 in Unarmed Combat
  3085 | D:4      | Reached XP level 5. HP: 41/54 MP: 5/5
  3201 | D:4      | You add the spells Ignite Poison, Mephitic Cloud and
                  | Freezing Cloud to your library.
  3260 | D:4      | XOM: god gift: 862 gold pieces
  3902 | D:4      | XOM is BORED!
  3902 | D:4      | XOM: summons 3 hostile demons
  3903 | D:4      | Noticed a soul eater
  3909 | D:4      | HP: 13/53 [soul eater/drain life[Xom] (17)]
  3909 | D:4      | HP: 6/53 [white imp[Xom] (4)]
  4017 | D:4      | XOM: draining
  4226 | D:4      | Found a staircase to the Ecumenical Temple.
  4232 | Temple   | Entered the Ecumenical Temple
  4484 | Temple   | Fell from the grace of Xom
  4484 | Temple   | Became a worshipper of Gozag Ym Sagoz the Greedy
  4585 | D:4      | Reached skill level 6 in Unarmed Combat
  4585 | D:4      | Reached XP level 6. HP: 47/55 MP: 6/6
  4754 | D:4      | XOM: give mutation
  4754 | D:4      | Gained mutation: Potions are less effective at restoring
                  | your health. [Xom's mischief]
  4899 | D:4      | Noticed a sky beast
  4930 | D:4      | HP: 13/57 [phantom (3)]
  4976 | D:4      | XOM: summons 2 hostile shadow creatures
  5092 | D:4      | XOM: noise
  5114 | D:4      | Killed a sky beast
  5115 | D:4      | Reached skill level 7 in Unarmed Combat
  5115 | D:4      | Reached XP level 7. HP: 46/70 MP: 7/7
  5157 | D:4      | XOM: give mutations
  5157 | D:4      | Lost mutation: You possess an exceptional clarity of mind.
                  | [Xom's mischief]
  5157 | D:4      | Lost mutation: You occasionally shout uncontrollably at
                  | your foes. [Xom's mischief]
  5157 | D:4      | Gained mutation: You are dopey. (Int -2) [Xom's mischief]
  5802 | D:5      | Entered Level 5 of the Dungeon
  5887 | D:5      | You pick up a book of Vapours and begin reading...
  5887 | D:5      | You add the spells Poisonous Vapours and Corpse Rot to your
                  | library.
  6206 | D:5      | XOM: give mutation
  6206 | D:5      | Gained mutation: You are frail. (-10% HP) [Xom's mischief]
  6268 | D:5      | XOM: give mutations
  6268 | D:5      | Lost mutation: You are clumsy. (Dex -2) [Xom's mischief]
  6268 | D:5      | Gained mutation: You are very frail. (-20% HP) [Xom's
                  | mischief]
  6268 | D:5      | Gained mutation: You have hidden genetic potential. [Xom's
                  | mischief]
  6384 | D:4      | XOM: stat loss: -1 Str (16/17)
  6661 | D:5      | XOM: torment (29/56 hp)
  6823 | D:5      | HP: 10/56 [ice beast (10)]
  7000 | D:5      | Reached skill level 8 in Unarmed Combat
  7082 | D:5      | HP: 4/56 [orc priest/divine providence (12)]
  7084 | D:5      | XOM: give mutation
  7084 | D:5      | Gained mutation: You are strong-willed. (Will+) [Xom's
                  | mischief]
  7087 | D:5      | Found Wyocve's Armour Shoppe.
  7405 | D:6      | XOM: noise
  7424 | D:6      | Noticed a steam dragon
  7431 | D:6      | HP: 13/56 [acid (9)]
  7529 | D:6      | XOM: polymorph iguana -> swamp drake
  7545 | D:6      | Reached skill level 5 in Fighting
  7545 | D:6      | Reached XP level 8. HP: 19/64 MP: 8/8
  7934 | D:6      | HP: 8/64 [ogre/+0 giant club (24)]
  7936 | D:6      | Reached skill level 6 in Fighting
  7959 | D:5      | Gained mutation: You are agile. (Dex +2) [hidden potential]
  8279 | D:6      | XOM: give mutation
  8279 | D:6      | Lost mutation: You are strong-willed. (Will+) [Xom's
                  | mischief]
  8380 | D:6      | Reached skill level 7 in Fighting
  8530 | D:6      | Found a white marble altar of Elyvilon.
  8817 | D:6      | Identified a scroll of acquirement
  8819 | D:6      | Acquired 909 gold pieces
  8852 | D:6      | Reached skill level 8 in Fighting
  9063 | D:6      | You pick up a book of Callings and begin reading...
  9063 | D:6      | You add the spells Summon Small Mammal, Call Canine
                  | Familiar and Summon Guardian Golem to your library.
  9355 | D:6      | XOM: summons 8 hostile demons
  9515 | D:6      | XOM: god gift: heavily runed leather armour {god gift}
  9515 | D:6      | Identified the +2 leather armour of Asceticism {rElec rF-
                  | rCorr Str-4} (Xom gifted it to you on level 6 of the
                  | Dungeon)
  9835 | D:6      | XOM: give mutation
  9835 | D:6      | Lost mutation: Potions are less effective at restoring your
                  | health. [Xom's mischief]
  9919 | D:7      | Found a transporter.
  9921 | D:7      | Noticed pigah's ghost (novice OpAE)
  9921 | D:7      | Noticed a moth of wrath
  9963 | D:7      | Reached skill level 9 in Fighting
  9966 | D:7      | HP: 14/73 [killer bee (6)]
 10282 | D:7      | Noticed a catoblepas
 10302 | D:7      | Found a transporter.
 10315 | D:7      | Reached skill level 10 in Fighting
 10316 | D:7      | HP: 18/74 [howler monkey (1)]
 10320 | D:7      | Reached XP level 9. HP: 27/80 MP: 9/9
 10346 | D:7      | Noticed Prince Ribbit
 10355 | D:7      | HP: 18/81 [Prince Ribbit (10)]
 10355 | D:7      | HP: 7/81 [Prince Ribbit (11)]
 10357 | D:7      | Slain by Prince Ribbit

Vanquished Creatures
  A steam dragon (D:6)
  A swamp drake (D:6)
  2 ice beasts
  2 sky beasts
  A centaur (D:7)
  An ogre (D:6)
  A phantom (D:4)
  2 scorpions
  4 killer bees (D:7)
  3 howler monkeys (D:7)
  2 orc priests (D:5)
  2 hounds
  2 jellies
  5 iguanas
  An orc wizard (D:6)
  4 gnolls (D:5)
  5 adders
  2 ufetubi (D:4)
  A worm (D:3)
  4 dart slugs
  12 orcs
  10 endoplasms
  A giant cockroach (D:4)
  8 goblins
  10 hobgoblins
  4 jackals (D:1)
  5 kobolds
  4 quokkas
  7 ball pythons
  2 bats
  2 rats
111 creatures vanquished.

Table legend:
 A = Non-vault XP
 B = Vault XP
 C = Vault XP percentage of total XP
 D = Non-vault monster count
 E = Vault monster count
 F = Vault count percentage of total count
                 A         B        C        D         E       F
            +---------+---------+-------+---------+---------+-------
      Total |    2321 |     185 |   7.4 |     105 |       6 |   5.4
            +---------+---------+-------+---------+---------+-------
        D:1 |      34 |       0 |   0.0 |      16 |       0 |   0.0
        D:2 |      40 |       0 |   0.0 |      15 |       0 |   0.0
        D:3 |      42 |       0 |   0.0 |      14 |       0 |   0.0
        D:4 |     345 |     185 |  34.9 |      25 |       6 |  19.4
        D:5 |     448 |       0 |   0.0 |      14 |       0 |   0.0
        D:6 |     767 |       0 |   0.0 |      12 |       0 |   0.0
        D:7 |     645 |       0 |   0.0 |       9 |       0 |   0.0
            +---------+---------+-------+---------+---------+-------

Illustrated notes

Table legend:
 A = Kills in this place as a percentage of kills in entire the game.
 B = Kills by you in this place as a percentage of kills by you in the entire game.
 C = Kills by friends in this place as a percentage of kills by friends in the entire game.
 D = Other kills in this place as a percentage of other kills in the entire game.
 E = Experience gained in this place as a percentage of experience gained in the entire game.
 F = Experience gained in this place divided by the number of levels of this place that you have seen.
                   A       B       C       D       E      F
               +-------+-------+-------+-------+-------+----------------------
         Total | 100.0 | 100.0 |   N/A |   N/A | 100.0 | 313.2
       Dungeon | 100.0 | 100.0 |   N/A |   N/A | 100.0 | 358.0
               +-------+-------+-------+-------+-------+----------------------

Table legend: (Time is in decaauts)
 A = Elapsed time spent in this place.
 B = Non-inter-level travel time spent in this place.
 C = Inter-level travel time spent in this place.
 D = Time resting spent in this place.
 E = Time spent auto-exploring this place.
 F = Levels seen in this place.
 G = Mean time per level.
                   A        B        C        D        E       F      G
               +--------+--------+--------+--------+--------+-----+--------+
         Total |  10319 |  10034 |    285 |   2021 |   6862 |   8 | 1289.9 |
       Dungeon |  10053 |   9781 |    272 |   2021 |   6633 |   7 | 1436.1 |
        Temple |    265 |    252 |     13 |      0 |    229 |   1 |  265.0 |
               +--------+--------+--------+--------+--------+-----+--------+

Top non-repeatable levels by time:
     D:4: 2743 daAuts
     D:6: 1997 daAuts
     D:5: 1919 daAuts
     D:1: 1013 daAuts
     D:2: 976 daAuts
     D:3: 965 daAuts
     D:7: 437 daAuts
  Temple: 265 daAuts
